 Dungeon Crawl Stone Soup version 0.27.1 (webtiles) character file.

Game seed: 2578122495691851305

1 Malachi the Insei (level 1, 13/17 HPs)
             Began as a Gnoll Transmuter on Aug 26, 2021.
             Was a Believer of Lugonu.
             Got out of the dungeon alive.
             The game lasted 00:00:07 (31 turns).

Malachi the Insei (Gnoll Transmuter)                  Turns: 31, Time: 00:00:07

Health: 13/17      AC:  2    Str:  9    XL:     1   Next: 20%
Magic:  6/6        EV: 13    Int: 12    God:    Lugonu [**....]
Gold:   0          SH:  0    Dex: 12    Spells: 8/9 levels left

rFire    . . .     SeeInvis .     - Unarmed
rCold    . . .     Faith    .   (no shield)
rNeg     . . .     Spirit   .   a - +0 robe
rPois    .         Reflect  .   (helmet currently unavailable)
rElec    .         Harm     .   (no cloak)
rCorr    .         Rampage  .   (no gloves)
Will     .....                  (boots currently unavailable)
Stlth    +.........             (no amulet)
HPRegen  0.05/turn              (no ring)
MPRegen  0.10/turn              (no ring)

@: appendages
A: horns 2, talons 2, fangs 1, strong nose, distributed training
a: End Transformation, Renounce Religion, Depart the Abyss, Bend Space


You escaped.
You worshipped Lugonu.
Lugonu was pleased with you.
You had temporarily grown beastly horns and talons.
You visited 1 branch of the dungeon, and saw 1 of its levels.

Inventory:

Armour
 a - a +0 robe (worn)


   Skills:
 + Level 2.3 Fighting
 + Level 0.0 Short Blades
 + Level 0.0 Long Blades
 + Level 0.0 Axes
 + Level 0.0 Maces & Flails
 + Level 0.0 Polearms
 + Level 0.0 Staves
 + Level 0.0 Slings
 + Level 0.0 Bows
 + Level 0.0 Crossbows
 + Level 0.0 Throwing
 + Level 0.0 Armour
 + Level 4.4 Dodging
 + Level 0.0 Stealth
 + Level 0.0 Shields
 + Level 6.4 Unarmed Combat
 + Level 4.8 Spellcasting
 + Level 0.0 Conjurations
 + Level 0.0 Hexes
 + Level 0.0 Summonings
 + Level 0.0 Necromancy
 + Level 0.0 Translocations
 + Level 3.6 Transmutations
 + Level 0.0 Fire Magic
 + Level 0.0 Ice Magic
 + Level 0.0 Air Magic
 + Level 0.0 Earth Magic
 + Level 0.0 Poison Magic
 + Level 0.0 Invocations
 + Level 0.0 Evocations


You had 8 spell levels left.
You knew the following spells:

 Your Spells              Type           Power      Damage    Failure   Level
a - Beastly Appendage     Tmut           22%        N/A       4%          1

Your spell library contained the following spells:

 Spells                   Type           Power      Damage    Failure   Level
 Wereblood                Tmut           11%        N/A       7%          2
 Spider Form              Tmut/Pois      3%         N/A       28%         3
 Ice Form                 Ice/Tmut       7%         N/A       67%         4


Dungeon Overview and Level Annotations

Branches:
Dungeon (1/15)

Altars:
Lugonu


Innate Abilities, Weirdness & Mutations

You have temporarily grown beastly horns and talons.
You have very sharp teeth.
Your uncanny sense of smell can sniff out nearby items.
Your experience applies equally to all skills.


Message History

There is a staircase leading out of the dungeon here.
You enter the shallow water.
Moving in this stuff is going to be slow.
You open the door.
There is an open door here.
Found a faded altar of an unknown god.
A quokka comes into view.
Found 9 gold pieces.
A quokka is nearby!
A quokka is nearby!
A quokka is nearby!
There is a faded altar of an unknown god here.
You cannot tell which god this altar belongs to.
Convert to them anyway?
Lugonu accepts your prayer! Lugonu welcomes you!
You can now depart the Abyss.
You can now bend space around yourself.
Casting: Beastly Appendage (safe; 4% risk of failure)
Confirm with . or Enter, or press ? or * to list all spells.
You grow a pair of large bovine horns.
Your feet morph into talons.
The quokka bites you. x2
Unknown command.
Press < or > to pray at altars.
You barely miss the quokka. You claw the quokka, but do no damage.
The quokka bites you but does no damage.
You hit the quokka.
You headbutt the quokka, but do no damage.
The quokka is almost dead.
The quokka misses you.
You closely miss the quokka. You claw the quokka.
You kill the quokka!
Lugonu accepts your kill.
No target in view!
No target in view!
Magic restored.
There is an open door here.
You enter the shallow water.
Moving in this stuff is going to be slow.
There is a staircase leading out of the dungeon here.
Are you sure you want to leave the Dungeon?
This will make you lose the game!
You have escaped!

.......†.......#
......._.......#
##.##..........#
#..........#
######.######
#≈≈≈≈#.#
#≈##≈#.#
#≈≈≈≈#.#
#≈#@≈'.#
#≈#≈≈### #≈##≈#
≈#≈≈≈# # ####


There were no monsters in sight!

Vanquished Creatures
  A quokka (D:1)
1 creature vanquished.

Notes
Turn   | Place    | Note
-------+----------+-------------------------------------------
     0 | D:1      | Malachi the Gnoll Transmuter began the quest for the Orb.
     0 | D:1      | Reached XP level 1. HP: 17/17 MP: 6/6
    10 | D:1      | Found a faded altar of an unknown god.
    16 | D:1      | Became a worshipper of Lugonu the Unformed
    16 | D:1      | Reached * piety under Lugonu
    16 | D:1      | Reached ** piety under Lugonu
    31 | D:$      | Got out of the dungeon alive.

Illustrated notes

Levels and vault maps discovered:
D:1:      ncdulo_wetmaze, layout_basic, serial_shops,
          nicolae_shop_overgrown_old_shop, basic_ecumenical_altar,
          chequers_serial_rivers_small_b

Action                   || total
-------------------------++-------
Melee: Unarmed           ||     3
       Kick              ||     2
       Headbutt          ||     1
 Cast: Beastly Appendage ||     1
Armor: Robe              ||     1
Dodge: Dodged            ||     1
